 Dungeon Crawl Stone Soup version 0.28.0-53-g5a82cb258f (webtiles) character file.

Game seed: 12904986670457321354

239 Roc the Poker (level 6, 24/49 HPs)
             Began as a Merfolk Berserker on Aug 6, 2022.
             Was a Believer of Trog.
             Quit the game on level 3 of the Dungeon.
             The game lasted 00:22:58 (3213 turns).

Roc the Poker (Merfolk Berserker)                   Turns: 3213, Time: 00:22:59

Health: 24/49      AC:  6    Str: 19    XL:     6   Next: 7%
Magic:  6/6        EV: 12    Int:  7    God:    Trog [**....]
Gold:   103        SH:  0    Dex: 13    Spells: 5/5 levels left

rFire   . . .      SeeInvis .   l - +2 hand axe (freeze)
rCold   . . .      Faith    .   (no shield)
rNeg    . . .      Spirit   .   b - +0 ring mail
rPois   .          Reflect  .   d - +1 hat
rElec   .          Harm     .   (no cloak)
rCorr   .          Rampage  .   (no gloves)
Will    .....                   (no boots)
Stlth   +.........              g - amulet of regeneration
HPRegen 0.96/turn               (no ring)
MPRegen 0.10/turn               (no ring)

@: no status effects
A: (nimble swimmer 2), mertail
a: Renounce Religion, Berserk, Trog's Hand


You were on level 3 of the Dungeon.
You worshipped Trog.
Trog was pleased with you.
You visited 1 branch of the dungeon, and saw 3 of its levels.

You collected 103 gold pieces.

Inventory:

Hand Weapons
 a - a +1 spear
 l - a +2 hand axe of freezing (weapon)
Missiles
 c - 96 stones (quivered)
Armour
 b - a +0 ring mail (worn)
 d - a +1 hat (worn)
 h - a +0 robe of the Archmagi
Jewellery
 g - an amulet of regeneration (around neck)
Wands
 i - a wand of polymorph (4)
Scrolls
 j - a scroll of enchant armour
 k - a scroll of fog
Potions
 e - a potion of attraction
 f - a potion of degeneration


   Skills:
 + Level 4.4 Fighting
 + Level 0.8(2.3) Axes
 + Level 6.3(6.4) Polearms
 + Level 2.2 Armour
 + Level 4.3 Dodging
 + Level 1.2 Stealth


You had 5 spell levels left.
You didn't know any spells.
Your spell library was empty.

Dungeon Overview and Level Annotations

Branches:
Dungeon (3/15)

Altars:


Innate Abilities, Weirdness & Mutations

((You are very nimble when in or above water. (Stealth+, EV+, Speed+++)))
Your lower body shifts to a powerful aquatic tail in water.


Message History

The orc priest is almost dead.
You hit the orc. You freeze the orc.
You kill the orc!
Trog accepts your kill.
The orc priest calls down the wrath of Beogh upon you.
Pain shoots through your body!
Unknown command.
You closely miss the orc priest.
The orc priest is almost dead.
The orc priest calls down the wrath of Beogh upon you.
Beogh smites you!
You hit the orc priest. You freeze the orc priest.
You kill the orc priest!
Trog accepts your kill.
You feel your strength returning.
Your Dodging skill increases to level 4!
You have reached level 6!
You closely miss the orc. The orc hits you with a +0 morningstar.
You hit the orc. You freeze the orc.
The orc is almost dead.
The orc closely misses you.
You hit the orc. You freeze the orc.
You kill the orc!
Trog accepts your kill.
You hit the hobgoblin. You freeze the hobgoblin.
The hobgoblin is heavily wounded.
The hobgoblin barely misses you.
You slash the hobgoblin! You freeze the hobgoblin.
You kill the hobgoblin!
Trog accepts your kill.
There is an open door, spattered with blood here.
Items here: )) ††.
You see here a +0 flail.
There is an open door, spattered with blood here.
Items here: )) ††.
Okay, then.
Unknown command.
Unknown command.
Okay, then.
Are you sure you want to abandon this character and quit the game? (Confirm with "yes".)

....# #.##.####.# .####
#.........# ..# .# ####.######
>.# .#### ##'## #.# ....#
##..†## #.# .##.# ##.....##
###.# ..#.# ##.......## ##.#.#
....###.........####....#######
......+........)@..............
....###.........####....#######
....# ##.......## ##.#.# #####
##....)## ###.# # ##..)## #.# #
##'## #.# # #.# #.# # #.# #.#
###########.####


There were no monsters in sight!

Vanquished Creatures
  2 orc priests
  A hound (D:3)
  2 orc wizards
  2 adders (D:2)
  A worm (D:3)
  A dart slug (D:2)
  16 orcs (D:3)
  5 endoplasms
  4 giant cockroaches
  3 goblins (D:1)
  2 hobgoblins
  4 jackals (D:3)
  A quokka (D:1)
  10 ball pythons
  4 bats
  2 frilled lizards
  3 kobolds
  4 rats
67 creatures vanquished.

Notes
Turn   | Place    | Note
-------+----------+-------------------------------------------
     0 | D:1      | Roc the Merfolk Berserker began the quest for the Orb.
     0 | D:1      | Reached XP level 1. HP: 18/18 MP: 1/1
   203 | D:1      | Reached XP level 2. HP: 19/24 MP: 2/2
   657 | D:1      | Reached skill level 5 in Polearms
   804 | D:1      | Reached XP level 3. HP: 29/29 MP: 3/3
  1700 | D:2      | Reached ** piety under Trog
  1702 | D:2      | Reached skill level 1 in Stealth
  2000 | D:2      | Reached XP level 4. HP: 37/37 MP: 4/4
  2673 | D:2      | Reached skill level 6 in Polearms
  2675 | D:2      | Reached XP level 5. HP: 13/42 MP: 5/5
  3204 | D:3      | Reached XP level 6. HP: 17/49 MP: 6/6
  3213 | D:3      | Quit the game

Illustrated notes

Levels and vault maps discovered:
D:1:      dpeg_arrival_lava_temple_mockup, layout_basic
D:2:      layout_basic, corexii_corridor_pit
D:3:      layout_loops_corners, basic_ecumenical_altar, uniq_grinder

Skill      XL: |  1  2  3  4  5 |
---------------+----------------+-----
Polearms       | 5 6 |  6.3
Dodging        | 3 4 |  4.3
Stealth        | 1 |  1.2
Armour         | 2 |  2.2
Fighting       | 4 |  4.4
Axes           | |  0.8

Action                   |  1- 3 |  4- 6 || total
-------------------------+-------+-------++-------
Melee: Spear             |   132 |    59 ||   191
       Punch             |     2 |     1 ||     3
       Hand axe          |       |    75 ||    75
  Use: Scroll            |     5 |     1 ||     6
       Potion            |     3 |     2 ||     5
Armor: Robe              |     9 |       ||     9
       Animal skin       |     3 |       ||     3
       Ring mail         |    16 |    48 ||    64
Dodge: Dodged            |    75 |    72 ||   147
